 Dungeon Crawl Stone Soup version 0.17-a0-1837-g7c6a762 (webtiles) character file.

142 Blightor the Skirmisher (level 5, -10/42 HPs)
             Began as a Demonspawn Abyssal Knight on Sept 16, 2015.
             Was a Believer of Lugonu.
             Mangled by Demise's ghost (12 damage)
             ... on level 3 of the Dungeon.
             The game lasted 00:12:36 (2375 turns).

Blightor the Skirmisher (Demonspawn Abyssal Knight) Turns: 2375, Time: 00:12:36

Health: -10/42     AC:  8    Str: 13    XL:     5   Next: 3%
Magic:  7/7        EV: 10    Int: 16    God:    Lugonu [**....]
Gold:   94         SH:  0    Dex: 12    Spells: 0 memorised, 7 levels left

rFire  . . .     SeeInvis .     r - +1 dagger (venom)
rCold  . . .     Clarity  .     f - +0 ring mail
rNeg   . . .     SustAt   .     (no shield)
rPois  .         Gourm    .     (helmet restricted)
rElec  .         Spirit   .     i - +2 cloak
rCorr  .         Warding  .     (no gloves)
rMut   .         Stasis   .     (no boots)
MR     .....                    (no amulet)
Stlth  +.........               (no ring)
                                (no ring)

@: glowing, not resistant to hostile enchantments, very unstealthy
A: horns 1, clever 1, rot immunity
a: Depart the Abyss, Bend Space, Renounce Religion


You were on level 3 of the Dungeon.
You worshipped Lugonu.
Lugonu was pleased with you.
You were not hungry.

You visited 1 branch of the dungeon, and saw 3 of its levels.
You visited the Abyss 1 time.

You collected 94 gold pieces.

Inventory:

Hand weapons
 a - a +1 falchion
 k - a +0 whip of venom
 q - a +0 whip of freezing
 r - a +1 dagger of venom (weapon)
Missiles
 c - 3 stones (quivered)
Armour
 b - a +0 leather armour
 f - a +0 ring mail (worn)
 i - a +2 cloak (worn)
 l - a +0 helmet
Magical devices
 j - a wand of flame (19)
Scrolls
 d - a scroll of recharging {unknown}
 e - 4 scrolls of identify {unknown}
 g - a scroll of enchant weapon {unknown}
 h - 2 scrolls of remove curse {unknown}
 n - a scroll of amnesia {unknown}
 p - a scroll of noise {unknown}
Comestibles
 s - 4 chunks of flesh
 t - 2 bread rations
 u - a meat ration


   Skills:
 + Level 4.0 Fighting
 + Level 0.1(1.2) Short Blades
 - Level 2.1 Long Blades
 - Level 1.0 Maces & Flails
 + Level 2.5 Armour
 - Level 1.1 Dodging
 * Level 1.5 Spellcasting
 - Level 3.0 Invocations


You had 7 spell levels left.
You didn't know any spells.

Dungeon Overview and Level Annotations

Branches:
Dungeon (3/15)

Altars:

Annotations:
D:3 Demise's ghost, average CeAM


Innate Abilities, Weirdness & Mutations

You are immune to rotting.
You have a pair of small horns on your head.
Your mind is acute. (Int +2)


Message History

You feel fantastic! Demise's ghost barely misses you.
You closely miss Demise's ghost.
Demise's ghost is lightly damaged.
Demise's ghost hits you but does no damage.
You hit Demise's ghost.
You headbutt Demise's ghost, but do no damage.
Demise's ghost is lightly damaged.
Demise's ghost hits you but does no damage.
* * * LOW HITPOINT WARNING * * *
You feel sick.
You are no longer poisoned.
Demise's ghost barely misses you.
Demise's ghost hits you but does no damage.
Demise's ghost hits you but does no damage.
Demise's ghost hits you.
* * * LOW HITPOINT WARNING * * *
You hit Demise's ghost but do no damage.
Demise's ghost is lightly damaged.
Demise's ghost hits you!
You die...

.# #...W#.#......#
#.#.###
.#######.#.#..#.###
#.#...#
......##'#.#.....#
#.###.#
...........#.....####.#
#.#
...................##.#
#.#
...........##....#.##.#
#.#
......####.#.....#.##.#
#.# ......#
#.#...W...##.# #.#
......#
#.#..#.@####.###.#
......#
#.#..#.>.).......#
#######
#.#..#.#.###.#####
#.#..#.#.# #.# #..#.#.#
#.########### #..#.#.#
#...........#
#.#.#############.#
#.#.....#########.#
#####...........#


You could see Demise's ghost.

Vanquished Creatures
  Natasha (twice) (D:2)
  3 adders
  An ooze (D:1)
  2 worms (D:2)
  3 giant geckos
  2 ball pythons
  8 giant cockroaches
  5 hobgoblins
  13 kobolds
  7 bats
  3 giant newts
  2 goblins (D:2)
  12 jackals
  2 quokkas (D:2)
  A rat (D:2)
  A plant (D:1)
67 creatures vanquished.

Vanquished Creatures (others)
  2 plants (D:1)
2 creatures vanquished.

Grand Total: 69 creatures vanquished

Notes
Turn   | Place    | Note
--------------------------------------------------------------
     0 | Abyss:1  | Blightor the Demonspawn Abyssal Knight began the quest for the Orb.
     0 | Abyss:1  | Reached XP level 1. HP: 18/18 MP: 2/2
    60 | Abyss:1  | Noticed an ophan
    61 | D:1      | Escaped the Abyss
   370 | D:1      | Gained mutation: You are immune to rotting. [demonic ancestry]
   370 | D:1      | Reached XP level 2. HP: 18/24 MP: 4/4
   579 | D:1      | Reached skill level 1 in Dodging
   580 | D:1      | Acquired Lugonu's first power
   820 | D:1      | Gained mutation: You have a pair of small horns on your head. [potion of mutation]
  1071 | D:2      | Reached XP level 3. HP: 21/29 MP: 5/5
  1293 | D:2      | Reached skill level 1 in Spellcasting
  1346 | D:2      | Acquired Lugonu's second power
  1599 | D:2      | Reached XP level 4. HP: 32/37 MP: 6/6
  1618 | D:2      | Noticed Natasha
  1630 | D:2      | Killed Natasha
  1898 | D:2      | Reached skill level 1 in Maces & Flails
  1993 | D:2      | Noticed Natasha
  1999 | D:2      | Killed Natasha
  2154 | D:3      | Reached skill level 4 in Fighting
  2239 | D:3      | Found a faded altar to an unknown god.
  2267 | D:3      | Reached XP level 5. HP: 27/42 MP: 7/7
  2348 | D:3      | Noticed Demise's ghost (average CeAM)
  2360 | D:3      | HP: 2/42 [Demise's ghost (8)]
  2361 | D:3      | Gained mutation: Your mind is acute. (Int +2) [potion of beneficial mutation]
  2374 | D:3      | HP: 2/42 [Demise's ghost (1)]
  2375 | D:3      | Mangled by Demise's ghost

Vault maps used:
D:1:      evilmike_arrival_rings, serial_bayou_lagoon_a
D:2:      grunt_decor_cap, uniq_natasha
D:3:      nicolae_dithmenos_through_a_glass_darkly, ecumenical_altar_1

Action                   |  1- 3 |  4- 6 || total
-------------------------+-------+-------++-------
Melee: Falchion          |    61 |       ||    61
       Whip              |    71 |       ||    71
       Dagger            |    13 |    67 ||    80
Invok: Depart the Abyss  |     1 |       ||     1
Evoke: Wand              |       |     1 ||     1
  Use: Potion            |     2 |     2 ||     4
  Eat: Chunk             |     2 |       ||     2
       Bread ration      |       |     1 ||     1
